[ AOE2 MATCH · #471198600 ]
Team RMJurchens vs Hindustanis
[ REPLAY ANALYSIS · EXTRACTED FROM THE RECORDED GAME ]
Feudal
11:19
Castle
26:52
Imperial
43:21
| APM avg | 19.2 |
| APM peak | 51 |
| eAPM avg | 9.5 |
| Villagers / military | 103 / 51 |
Focus
⚔️ 32.0% · 🌾 68.0%
Scout Cavalry ×45 · Unknown (1911) ×23 · Unknown (1908) ×5 · Monk ×2 · Trade Cart ×2 · Bombard Cannon ×2
Feudal
9:29
Castle
23:59
Imperial
34:06
| APM avg | 62.0 |
| APM peak | 126 |
| eAPM avg | 25.6 |
| Villagers / military | 86 / 196 |
Focus
⚔️ 58.1% · 🌾 41.9%
Coustillier ×177 · Scout Cavalry ×12 · Trade Cart ×5 · Trebuchet (Packed) ×4 · Militia ×3
Feudal
9:52
Castle
18:43
Imperial
—
| APM avg | 28.1 |
| APM peak | 86 |
| eAPM avg | 11.2 |
| Villagers / military | 81 / 116 |
Focus
⚔️ 29.4% · 🌾 70.6%
Camel Scout ×55 · Ghulam ×51 · Scout Cavalry ×4 · Spearman ×4 · Skirmisher ×2
Feudal
11:20
Castle
36:03
Imperial
52:22
| APM avg | 15.8 |
| APM peak | 54 |
| eAPM avg | 9.7 |
| Villagers / military | 72 / 153 |
Focus
⚔️ 29.8% · 🌾 70.2%
Longbowman ×75 · Archer ×64 · Militia ×10 · Spearman ×4
Feudal
—
Castle
—
Imperial
—
| APM avg | 9.9 |
| APM peak | 29 |
| eAPM avg | 7.9 |
| Villagers / military | 108 / 78 |
Focus
⚔️ 26.6% · 🌾 73.4%
Organ Gun ×40 · Spearman ×29 · Skirmisher ×9
Feudal
11:07
Castle
28:35
Imperial
44:51
| APM avg | 9.8 |
| APM peak | 45 |
| eAPM avg | 6.7 |
| Villagers / military | 79 / 44 |
Focus
⚔️ 31.2% · 🌾 68.8%
Knight ×12 · Spearman ×10 · Cavalry Archer ×8 · Skirmisher ×7 · Scout Cavalry ×6 · Monk ×1
Match map
Initial resources + every placement click. Lines = walls · curves = elevation contours. ◆ gold · ⬟ stone · ● berries · ✦ relic · ◌ wall gap
Your base· ✓ Closed at 26:52 · 83t walls · 2 gate(s)
Hibísco hidráulico automático's base· Open — 1t gap
Enrique III's base· Open — 5t gap
Hetero Sapiens's base· Open — 7t gap
Busta8806's base· Open — unwalled flank
ragarcia009's base· Open — unwalled flank
Smoothed initial terrain · ◌ = detected wall gap · hover for details
Inputs per minute
— malakor. - - Hibísco hidráulico automático
Build order — malakor.
First 150 of 260 actions detected
| 0:03 | Create | Villager (Male) ×4 |
| 0:06 | Build | House |
| 0:07 | Build | House |
| 1:20 | Create | Villager (Male) |
| 1:48 | Create | Villager (Male) |
| 2:00 | Build | Lumber Camp |
| 2:19 | Create | Villager (Male) |
| 2:45 | Create | Villager (Male) |
| 2:45 | Create | Villager (Male) |
| 3:31 | Create | Villager (Male) |
| 3:46 | Create | Villager (Male) |
| 4:24 | Build | House |
| 4:26 | Build | House |
| 4:35 | Create | Villager (Male) |
| 4:43 | Create | Villager (Male) |
| 4:50 | Build | Mill |
| 4:56 | Create | Villager (Male) |
| 5:20 | Build | Mining Camp |
| 5:27 | Create | Villager (Male) |
| 5:27 | Create | Villager (Male) |
| 5:37 | Create | Villager (Male) |
| 5:50 | Create | Villager (Male) |
| 5:50 | Create | Villager (Male) |
| 7:01 | Create | Villager (Male) ×3 |
| 8:00 | Create | Villager (Male) ×5 |
| 9:02 | Build | Mining Camp |
| 9:09 | Research | Feudal Age |
| 11:19 | Age | Feudal Age |
| 11:20 | Research | Double-Bit Axe |
| 11:23 | Research | Horse Collar |
| 11:31 | Build | Barracks |
| 11:38 | Build | Blacksmith |
| 12:02 | Build | House |
| 12:05 | Build | House |
| 12:49 | Build | Stable |
| 12:51 | Build | Stable |
| 13:13 | Build | Stable |
| 13:17 | Create | Villager (Male) |
| 13:18 | Create | Villager (Male) |
| 13:44 | Research | Scale Barding Armor |
| 13:53 | Create | Scout Cavalry ×5 |
| 14:12 | Build | Lumber Camp |
| 14:20 | Build | Farm |
| 14:22 | Build | Farm |
| 14:25 | Create | Villager (Male) |
| 14:35 | Create | Scout Cavalry ×2 |
| 14:35 | Create | Scout Cavalry ×2 |
| 14:45 | Build | House |
| 14:56 | Build | Farm |
| 14:59 | Create | Villager (Male) |
| 15:06 | Build | Palisade Wall |
| 15:15 | Build | Palisade Wall |
| 15:17 | Build | Palisade Wall |
| 15:24 | Research | Loom |
| 15:36 | Build | Farm |
| 15:38 | Build | Farm |
| 15:56 | Build | Market |
| 16:08 | Create | Villager (Male) |
| 16:08 | Create | Villager (Male) |
| 17:00 | Build | Farm |
| 17:01 | Build | Farm |
| 17:02 | Build | Farm |
| 17:09 | Create | Villager (Male) ×3 |
| 18:56 | Create | Villager (Male) |
| 19:01 | Build | Farm |
| 19:02 | Build | Farm |
| 19:04 | Build | Farm |
| 19:06 | Build | Farm |
| 19:08 | Build | Farm |
| 19:10 | Create | Villager (Male) ×2 |
| 19:42 | Create | Villager (Male) |
| 19:42 | Create | Villager (Male) |
| 20:05 | Build | Gate |
| 20:12 | Build | Barracks |
| 20:14 | Build | Barracks |
| 20:25 | Build | House |
| 20:26 | Build | House |
| 20:27 | Build | House |
| 20:28 | Build | House |
| 20:29 | Build | House |
| 20:34 | Create | Villager (Male) |
| 21:00 | Build | Farm |
| 21:01 | Build | Farm |
| 22:18 | Build | Mill |
| 22:22 | Build | Farm |
| 22:23 | Build | Farm |
| 22:24 | Build | Farm |
| 22:26 | Build | Farm |
| 22:28 | Create | Villager (Male) ×5 |
| 22:36 | Build | Barracks |
| 23:08 | Build | Lumber Camp |
| 23:20 | Build | Stable |
| 23:21 | Build | Stable |
| 23:26 | Build | Stable |
| 24:07 | Research | Castle Age |
| 24:34 | Research | Forging |
| 24:54 | Build | Stone Wall |
| 24:57 | Build | Stone Wall |
| 25:04 | Build | Stone Wall |
| 25:10 | Build | Stone Wall |
| 25:24 | Research | Stone Mining |
| 25:55 | Build | Archery Range |
| 26:15 | Research | Scale Mail Armor |
| 26:19 | Create | Villager (Male) ×5 |
| 26:33 | Build | Gate |
| 26:41 | Build | Stone Wall |
| 26:52 | Age | Castle Age |
| 27:06 | Build | Town Center |
| 27:37 | Research | Bow Saw |
| 27:43 | Create | Unit 1911 ×2 |
| 27:58 | Build | House |
| 27:59 | Build | House |
| 28:00 | Build | House |
| 28:03 | Build | House |
| 28:04 | Build | House |
| 28:11 | Research | Squires |
| 28:14 | Research | Light Cavalry (upgrade) |
| 28:27 | Build | Stone Wall |
| 28:41 | Build | Stone Wall |
| 28:47 | Build | Stone Wall |
| 28:50 | Build | Stone Wall |
| 28:59 | Build | Farm |
| 29:01 | Build | Farm |
| 29:04 | Build | Mill |
| 29:18 | Build | Gate |
| 29:24 | Build | Stone Wall |
| 29:26 | Build | Stone Wall |
| 29:29 | Create | Scout Cavalry ×5 |
| 29:48 | Create | Scout Cavalry ×5 |
| 29:48 | Create | Scout Cavalry ×4 |
| 30:00 | Build | Lumber Camp |
| 30:18 | Build | University |
| 30:24 | Build | Monastery |
| 30:40 | Build | Stone Wall |
| 30:48 | Build | Outpost |
| 31:27 | Create | Unit 1911 |
| 31:41 | Build | Siege Workshop |
| 31:49 | Create | Villager (Male) ×5 |
| 31:49 | Create | Villager (Male) ×5 |
| 31:49 | Create | Villager (Male) ×5 |
| 32:57 | Build | Castle |
| 33:11 | Build | Stone Wall |
| 33:41 | Build | Siege Workshop |
| 35:27 | Create | Fire Lancer |
| 35:46 | Build | Castle |
| 35:54 | Research | Ballistics |
| 35:55 | Research | Fortified Wall (upgrade) |
| 36:01 | Create | Villager (Male) ×5 |
| 36:08 | Build | Farm |
| 36:09 | Build | Farm |
Build order — Hibísco hidráulico automático
First 150 of 406 actions detected
| 0:03 | Build | House |
| 0:04 | Build | House |
| 0:23 | Create | Villager (Male) |
| 0:23 | Create | Villager (Male) |
| 0:23 | Create | Villager (Male) |
| 1:14 | Create | Villager (Male) |
| 1:35 | Create | Villager (Male) |
| 1:58 | Create | Villager (Male) |
| 2:24 | Create | Villager (Male) |
| 2:59 | Build | Lumber Camp |
| 3:10 | Create | Villager (Male) |
| 3:15 | Create | Villager (Male) |
| 4:07 | Create | Villager (Male) |
| 4:21 | Build | House |
| 4:27 | Create | Villager (Male) |
| 5:00 | Create | Villager (Male) |
| 5:00 | Create | Villager (Male) |
| 5:00 | Create | Villager (Male) |
| 5:33 | Build | House |
| 5:37 | Build | Mill |
| 5:37 | Create | Villager (Male) |
| 5:44 | Create | Villager (Male) |
| 7:19 | Research | Feudal Age |
| 7:46 | Build | Barracks |
| 8:13 | Research | Horse Collar |
| 9:25 | Research | Loom |
| 9:27 | Build | House |
| 9:29 | Age | Feudal Age |
| 9:49 | Build | Stable |
| 9:52 | Create | Villager (Male) |
| 10:08 | Build | House |
| 10:25 | Create | Villager (Male) |
| 10:29 | Create | Scout Cavalry |
| 10:30 | Create | Scout Cavalry |
| 10:32 | Create | Scout Cavalry |
| 10:39 | Build | House |
| 10:40 | Build | Palisade Wall |
| 10:58 | Create | Villager (Male) |
| 11:09 | Create | Villager (Male) |
| 11:11 | Create | Scout Cavalry |
| 11:23 | Build | Farm |
| 11:36 | Build | Farm |
| 11:50 | Create | Villager (Male) |
| 12:00 | Build | House |
| 12:04 | Build | Farm |
| 12:08 | Create | Villager (Male) |
| 12:34 | Create | Villager (Male) |
| 12:45 | Create | Villager (Male) |
| 12:48 | Create | Scout Cavalry |
| 12:50 | Create | Villager (Male) |
| 12:57 | Build | Farm |
| 12:58 | Build | Farm |
| 13:00 | Build | Farm |
| 13:02 | Create | Villager (Male) |
| 13:12 | Create | Scout Cavalry |
| 13:34 | Build | Blacksmith |
| 13:36 | Create | Scout Cavalry |
| 14:17 | Create | Villager (Male) |
| 14:19 | Create | Scout Cavalry |
| 14:20 | Create | Villager (Male) |
| 14:25 | Build | Farm |
| 14:27 | Build | Farm |
| 14:30 | Build | Palisade Wall |
| 14:31 | Create | Villager (Male) |
| 14:32 | Create | Scout Cavalry |
| 15:03 | Create | Villager (Male) |
| 15:07 | Build | Farm |
| 15:10 | Research | Double-Bit Axe |
| 15:12 | Create | Villager (Male) |
| 15:17 | Build | Farm |
| 15:17 | Build | Farm |
| 15:32 | Create | Scout Cavalry |
| 15:36 | Build | Farm |
| 15:39 | Build | Farm |
| 15:43 | Build | Farm |
| 15:46 | Build | Farm |
| 15:49 | Build | Farm |
| 15:50 | Create | Villager (Male) |
| 15:56 | Build | House |
| 16:00 | Build | House |
| 16:07 | Build | Mining Camp |
| 16:16 | Create | Villager (Male) |
| 16:35 | Create | Scout Cavalry |
| 16:42 | Create | Villager (Male) |
| 17:07 | Create | Villager (Male) |
| 17:10 | Research | Heavy Plow |
| 17:16 | Research | Bow Saw |
| 17:27 | Build | House |
| 17:28 | Build | House |
| 17:28 | Build | House |
| 17:33 | Build | Farm |
| 17:37 | Build | Farm |
| 17:40 | Build | Farm |
| 17:41 | Create | Villager (Male) |
| 17:44 | Build | Palisade Wall |
| 17:45 | Create | Villager (Male) |
| 18:10 | Create | Scout Cavalry |
| 18:31 | Create | Militia |
| 18:56 | Create | Villager (Male) |
| 18:57 | Create | Villager (Male) |
| 18:58 | Create | Villager (Male) |
| 19:01 | Build | Market |
| 19:06 | Build | Palisade Wall |
| 19:08 | Build | House |
| 19:09 | Build | House |
| 19:09 | Build | House |
| 19:09 | Build | House |
| 19:10 | Build | House |
| 19:10 | Build | House |
| 19:10 | Build | House |
| 19:14 | Build | Mining Camp |
| 19:17 | Create | Villager (Male) |
| 19:46 | Build | House |
| 19:47 | Build | House |
| 19:48 | Build | House |
| 19:49 | Build | House |
| 19:52 | Build | House |
| 19:52 | Build | House |
| 19:54 | Build | House |
| 19:57 | Build | Palisade Wall |
| 20:04 | Research | Wheelbarrow |
| 20:08 | Build | Palisade Gate |
| 20:12 | Build | House |
| 20:18 | Build | House |
| 20:30 | Build | Lumber Camp |
| 20:42 | Build | House |
| 20:49 | Build | House |
| 20:53 | Build | Palisade Wall |
| 21:13 | Research | Castle Age |
| 22:07 | Research | Forging |
| 22:07 | Research | Scale Barding Armor |
| 22:13 | Build | Farm |
| 22:13 | Build | Farm |
| 22:13 | Build | Farm |
| 22:14 | Build | Farm |
| 22:18 | Research | Scale Mail Armor |
| 22:29 | Research | Stone Mining |
| 22:52 | Build | Lumber Camp |
| 22:53 | Create | Villager (Male) |
| 23:14 | Research | Gold Mining |
| 23:59 | Age | Castle Age |
| 24:02 | Research | Crop Rotation |
| 24:33 | Create | Villager (Male) |
| 24:35 | Research | Two-Man Saw |
| 24:35 | Research | Two-Man Saw |
| 24:37 | Research | Chain Barding Armor |
| 24:46 | Build | Castle |
| 24:49 | Build | House |
| 24:50 | Build | House |
| 24:50 | Build | House |
Build order — Enrique III
First 150 of 203 actions detected
| 0:01 | Create | Villager (Male) ×4 |
| 0:03 | Build | House |
| 0:04 | Build | House |
| 1:11 | Create | Villager (Male) |
| 1:12 | Create | Villager (Male) |
| 1:36 | Create | Villager (Male) |
| 1:37 | Create | Villager (Male) |
| 2:07 | Create | Villager (Male) |
| 2:08 | Create | Villager (Male) |
| 2:16 | Build | Lumber Camp |
| 2:26 | Create | Villager (Male) |
| 2:26 | Create | Villager (Male) |
| 2:41 | Build | House |
| 2:43 | Build | House |
| 3:17 | Create | Villager (Male) |
| 3:17 | Create | Villager (Male) |
| 3:18 | Create | Villager (Male) |
| 3:18 | Create | Villager (Male) |
| 3:18 | Create | Villager (Male) |
| 4:04 | Create | Villager (Male) |
| 4:04 | Create | Villager (Male) |
| 4:32 | Create | Villager (Male) |
| 4:32 | Create | Villager (Male) |
| 4:43 | Create | Villager (Male) |
| 4:43 | Create | Villager (Male) |
| 6:09 | Create | Villager (Male) |
| 6:52 | Research | Loom |
| 6:56 | Build | Barracks |
| 7:04 | Create | Villager (Male) |
| 7:22 | Build | Mill |
| 7:42 | Research | Feudal Age |
| 8:37 | Build | House |
| 8:39 | Build | House |
| 8:50 | Build | Farm |
| 8:51 | Build | Farm |
| 8:53 | Build | Farm |
| 9:26 | Build | Farm |
| 9:28 | Build | Farm |
| 9:43 | Build | Palisade Wall |
| 9:52 | Age | Feudal Age |
| 9:55 | Create | Villager (Male) |
| 9:56 | Create | Villager (Male) |
| 10:02 | Research | Double-Bit Axe |
| 10:51 | Build | Stable |
| 10:57 | Create | Villager (Male) |
| 10:58 | Create | Villager (Male) |
| 11:15 | Build | Farm |
| 11:39 | Build | Mining Camp |
| 11:44 | Build | House |
| 11:46 | Create | Scout Cavalry |
| 11:46 | Create | Scout Cavalry |
| 11:46 | Create | Scout Cavalry |
| 11:51 | Create | Villager (Male) |
| 12:02 | Build | House |
| 12:03 | Build | House |
| 12:06 | Build | Palisade Wall |
| 12:14 | Build | House |
| 12:16 | Build | Palisade Wall |
| 12:30 | Create | Villager (Male) |
| 13:08 | Create | Villager (Male) |
| 13:13 | Build | House |
| 13:15 | Build | Palisade Wall |
| 13:31 | Create | Villager (Male) |
| 13:42 | Build | Farm |
| 13:45 | Create | Villager (Male) |
| 13:54 | Build | Blacksmith |
| 13:57 | Create | Villager (Male) |
| 14:16 | Build | Farm |
| 14:53 | Build | House |
| 15:10 | Build | Archery Range |
| 15:14 | Build | Farm |
| 15:37 | Build | House |
| 15:55 | Create | Skirmisher |
| 15:55 | Create | Skirmisher |
| 16:03 | Research | Castle Age |
| 16:10 | Build | Mining Camp |
| 16:59 | Create | Scout Cavalry |
| 17:25 | Research | Scale Mail Armor |
| 18:08 | Build | Farm |
| 18:11 | Build | Palisade Wall |
| 18:26 | Create | Spearman |
| 18:26 | Create | Spearman |
| 18:43 | Age | Castle Age |
| 19:38 | Create | Camel Scout |
| 19:38 | Create | Camel Scout |
| 19:39 | Create | Camel Scout |
| 19:40 | Create | Camel Scout |
| 19:57 | Research | Scale Barding Armor |
| 20:09 | Build | Palisade Wall |
| 20:12 | Build | Palisade Wall |
| 21:12 | Build | Farm |
| 21:13 | Create | Villager (Male) |
| 21:13 | Create | Villager (Male) |
| 21:49 | Build | Castle |
| 21:54 | Create | Camel Scout |
| 21:54 | Create | Camel Scout |
| 22:00 | Create | Villager (Male) |
| 22:00 | Create | Villager (Male) |
| 22:32 | Build | House |
| 22:33 | Build | Palisade Wall |
| 23:05 | Research | Forging |
| 23:23 | Build | Market |
| 24:03 | Build | Mining Camp |
| 24:32 | Create | Ghulam ×4 |
| 24:32 | Create | Ghulam ×4 |
| 24:42 | Build | Farm |
| 24:44 | Create | Villager (Male) |
| 24:44 | Create | Villager (Male) |
| 24:44 | Create | Villager (Male) |
| 24:45 | Create | Villager (Male) |
| 24:45 | Create | Villager (Male) |
| 25:10 | Create | Ghulam ×2 |
| 25:11 | Create | Ghulam ×2 |
| 25:39 | Build | Farm |
| 25:52 | Research | Iron Casting |
| 26:05 | Create | Ghulam |
| 26:06 | Create | Ghulam |
| 26:06 | Create | Ghulam |
| 26:47 | Create | Villager (Male) |
| 26:47 | Create | Villager (Male) |
| 26:54 | Build | Stable |
| 27:25 | Research | Squires |
| 27:47 | Create | Villager (Male) |
| 27:47 | Create | Villager (Male) |
| 27:47 | Create | Villager (Male) |
| 28:15 | Build | Town Center |
| 28:21 | Build | Farm |
| 28:24 | Create | Ghulam ×5 |
| 28:24 | Create | Ghulam ×5 |
| 28:24 | Create | Ghulam |
| 28:25 | Create | Ghulam |
| 29:08 | Create | Camel Scout ×2 |
| 29:09 | Create | Camel Scout ×2 |
| 29:12 | Build | Farm |
| 29:15 | Build | Farm |
| 29:19 | Create | Villager (Male) |
| 29:50 | Create | Ghulam ×4 |
| 29:50 | Create | Ghulam ×4 |
| 29:51 | Create | Ghulam ×4 |
| 30:01 | Create | Villager (Male) |
| 30:02 | Create | Villager (Male) |
| 30:34 | Research | Chain Mail Armor |
| 30:40 | Create | Ghulam |
| 30:40 | Create | Ghulam ×2 |
| 30:41 | Create | Ghulam |
| 31:04 | Create | Villager (Male) |
| 31:05 | Create | Villager (Male) |
| 31:05 | Create | Villager (Male) |
| 31:23 | Create | Camel Scout |
| 31:23 | Create | Camel Scout |
Build order — Hetero Sapiens
First 150 of 182 actions detected
| 0:03 | Build | House |
| 0:04 | Build | House |
| 0:05 | Create | Villager (Male) ×4 |
| 1:22 | Create | Villager (Male) |
| 2:00 | Build | Lumber Camp |
| 2:14 | Create | Villager (Male) |
| 2:20 | Create | Villager (Male) |
| 2:20 | Create | Villager (Male) |
| 3:04 | Create | Villager (Male) |
| 3:05 | Create | Villager (Male) |
| 3:22 | Create | Villager (Male) |
| 4:00 | Create | Villager (Male) |
| 4:22 | Create | Villager (Male) |
| 4:48 | Create | Villager (Male) |
| 4:48 | Create | Villager (Male) |
| 4:48 | Create | Villager (Male) |
| 4:59 | Build | House |
| 5:04 | Create | Villager (Male) |
| 5:04 | Create | Villager (Male) |
| 5:36 | Create | Villager (Male) |
| 5:37 | Create | Villager (Male) |
| 5:37 | Create | Villager (Male) |
| 6:29 | Create | Villager (Male) |
| 6:29 | Create | Villager (Male) |
| 6:29 | Create | Villager (Male) |
| 6:29 | Create | Villager (Male) |
| 7:07 | Build | Mining Camp |
| 7:36 | Build | House |
| 7:48 | Build | House |
| 7:57 | Create | Villager (Male) |
| 9:10 | Research | Feudal Age |
| 9:10 | Research | Feudal Age |
| 10:30 | Create | Villager (Male) ×5 |
| 10:37 | Build | Barracks |
| 10:45 | Build | Palisade Wall |
| 11:15 | Research | Loom |
| 11:20 | Age | Feudal Age |
| 11:21 | Build | Mill |
| 11:28 | Build | Archery Range |
| 11:35 | Build | Archery Range |
| 12:23 | Create | Archer ×4 |
| 12:40 | Build | House |
| 12:49 | Build | Blacksmith |
| 13:01 | Build | Mill |
| 13:06 | Create | Archer |
| 13:14 | Create | Archer ×2 |
| 13:42 | Create | Spearman |
| 13:49 | Build | House |
| 13:53 | Build | House |
| 13:56 | Build | Palisade Wall |
| 15:09 | Create | Archer ×5 |
| 15:09 | Create | Archer ×5 |
| 15:09 | Create | Archer |
| 15:23 | Create | Spearman |
| 15:24 | Create | Spearman |
| 15:24 | Create | Spearman |
| 15:41 | Create | Archer ×2 |
| 15:41 | Create | Archer ×2 |
| 16:55 | Create | Archer ×4 |
| 16:55 | Create | Archer ×4 |
| 17:11 | Create | Archer |
| 17:12 | Create | Archer |
| 17:28 | Research | Fletching |
| 17:30 | Research | Padded Archer Armor |
| 17:41 | Create | Archer |
| 17:41 | Create | Archer |
| 18:36 | Create | Archer ×3 |
| 18:58 | Create | Archer ×2 |
| 19:06 | Create | Villager (Male) ×5 |
| 19:15 | Build | House |
| 19:17 | Build | House |
| 19:31 | Build | House |
| 19:40 | Build | House |
| 19:44 | Build | House |
| 19:46 | Build | House |
| 19:48 | Build | House |
| 19:51 | Create | Archer ×3 |
| 20:09 | Create | Archer |
| 20:10 | Create | Archer |
| 21:01 | Build | House |
| 21:05 | Build | Stone Wall |
| 21:39 | Build | Mining Camp |
| 21:54 | Create | Militia ×5 |
| 21:54 | Create | Militia |
| 21:58 | Create | Archer ×5 |
| 21:59 | Create | Archer ×5 |
| 22:25 | Create | Militia ×4 |
| 24:51 | Create | Archer ×5 |
| 24:51 | Create | Archer ×5 |
| 25:37 | Build | Watch Tower |
| 25:41 | Build | House |
| 25:45 | Build | House |
| 25:53 | Build | House |
| 25:57 | Build | Palisade Wall |
| 26:56 | Build | Town Center |
| 29:10 | Create | Villager (Male) ×2 |
| 29:17 | Build | Farm |
| 29:18 | Build | Farm |
| 29:19 | Build | Farm |
| 29:19 | Build | Farm |
| 29:20 | Build | Farm |
| 29:21 | Build | Farm |
| 29:21 | Build | Farm |
| 29:23 | Build | Farm |
| 30:49 | Build | Market |
| 30:58 | Create | Villager (Male) ×5 |
| 32:05 | Build | Blacksmith |
| 33:06 | Build | Farm |
| 33:23 | Research | Castle Age |
| 35:29 | Create | Villager (Male) ×5 |
| 35:29 | Create | Villager (Male) |
| 36:03 | Age | Castle Age |
| 36:49 | Create | Villager (Male) |
| 37:06 | Build | House |
| 37:09 | Build | House |
| 37:09 | Build | House |
| 37:17 | Build | House |
| 37:17 | Build | House |
| 38:03 | Build | Mining Camp |
| 39:34 | Create | Villager (Male) |
| 39:34 | Create | Villager (Male) |
| 39:39 | Build | House |
| 39:41 | Build | House |
| 39:42 | Build | House |
| 39:43 | Build | House |
| 39:43 | Build | House |
| 39:43 | Build | House |
| 39:44 | Build | House |
| 39:44 | Build | House |
| 39:45 | Build | House |
| 40:04 | Build | Mining Camp |
| 41:17 | Create | Villager (Male) ×5 |
| 41:17 | Create | Villager (Male) ×5 |
| 41:17 | Create | Villager (Male) ×5 |
| 41:36 | Build | Lumber Camp |
| 43:51 | Build | Castle |
| 44:57 | Research | Bodkin Arrow |
| 44:57 | Research | Leather Archer Armor |
| 45:06 | Build | Farm |
| 45:06 | Build | Farm |
| 45:07 | Build | Farm |
| 45:08 | Build | Farm |
| 45:48 | Build | Mining Camp |
| 45:56 | Create | Longbowman ×5 |
| 45:56 | Create | Longbowman ×5 |
| 45:56 | Create | Longbowman ×5 |
| 46:44 | Create | Villager (Male) ×5 |
| 46:48 | Build | Lumber Camp |
| 48:36 | Build | Castle |
| 49:11 | Research | Imperial Age |
Build order — Busta8806
First 150 of 297 actions detected
| 0:08 | Build | House |
| 0:13 | Build | House |
| 0:18 | Create | Villager (Male) |
| 0:18 | Create | Villager (Male) |
| 0:18 | Create | Villager (Male) |
| 0:19 | Create | Villager (Male) |
| 0:19 | Create | Villager (Male) |
| 0:19 | Create | Villager (Male) |
| 1:53 | Create | Villager (Male) |
| 1:53 | Create | Villager (Male) |
| 1:54 | Create | Villager (Male) |
| 2:10 | Build | Lumber Camp |
| 2:38 | Create | Villager (Male) |
| 2:38 | Create | Villager (Male) |
| 2:38 | Create | Villager (Male) |
| 3:36 | Create | Villager (Male) |
| 3:37 | Create | Villager (Male) |
| 3:37 | Create | Villager (Male) |
| 3:37 | Create | Villager (Male) |
| 4:10 | Build | House |
| 4:35 | Build | Mill |
| 5:00 | Create | Villager (Male) |
| 5:00 | Create | Villager (Male) |
| 5:01 | Create | Villager (Male) |
| 5:01 | Create | Villager (Male) |
| 6:03 | Build | Lumber Camp |
| 6:41 | Create | Villager (Male) |
| 6:42 | Create | Villager (Male) |
| 6:42 | Create | Villager (Male) |
| 6:42 | Create | Villager (Male) |
| 6:43 | Create | Villager (Male) |
| 6:43 | Create | Villager (Male) |
| 7:51 | Build | House |
| 8:45 | Create | Villager (Male) |
| 9:23 | Build | House |
| 9:28 | Research | Feudal Age |
| 10:11 | Build | House |
| 10:46 | Build | House |
| 11:12 | Build | Farm |
| 11:18 | Build | Farm |
| 11:27 | Build | Farm |
| 11:34 | Build | Farm |
| 11:43 | Build | Farm |
| 11:51 | Build | Farm |
| 12:01 | Build | Blacksmith |
| 12:06 | Create | Villager (Male) |
| 12:06 | Create | Villager (Male) |
| 12:06 | Create | Villager (Male) |
| 12:07 | Create | Villager (Male) |
| 12:07 | Create | Villager (Male) |
| 12:07 | Create | Villager (Male) |
| 12:07 | Create | Villager (Male) |
| 12:08 | Create | Villager (Male) |
| 12:08 | Create | Villager (Male) |
| 12:08 | Create | Villager (Male) |
| 12:17 | Research | Horse Collar |
| 12:41 | Build | Farm |
| 13:07 | Build | Farm |
| 13:18 | Build | Market |
| 13:32 | Build | Farm |
| 14:00 | Build | Farm |
| 14:23 | Build | Farm |
| 14:30 | Build | Mining Camp |
| 14:48 | Build | Farm |
| 15:11 | Build | Farm |
| 15:29 | Build | Farm |
| 15:36 | Build | Farm |
| 15:47 | Build | Farm |
| 16:02 | Create | Villager (Male) |
| 16:02 | Create | Villager (Male) |
| 16:39 | Research | Loom |
| 16:44 | Research | Gold Mining |
| 17:09 | Research | Town Watch |
| 17:10 | Research | Wheelbarrow |
| 18:13 | Research | Castle Age |
| 19:10 | Build | Farm |
| 19:17 | Build | Farm |
| 19:22 | Research | Double-Bit Axe |
| 21:21 | Build | Town Center |
| 23:49 | Build | Barracks |
| 24:26 | Build | Archery Range |
| 25:17 | Create | Skirmisher |
| 25:17 | Create | Skirmisher |
| 25:17 | Create | Skirmisher |
| 25:17 | Create | Skirmisher |
| 25:18 | Create | Skirmisher |
| 25:18 | Create | Skirmisher |
| 25:18 | Create | Skirmisher |
| 25:18 | Create | Skirmisher |
| 25:19 | Create | Skirmisher |
| 25:27 | Research | Padded Archer Armor |
| 25:47 | Create | Spearman |
| 25:48 | Create | Spearman |
| 25:48 | Create | Spearman |
| 25:48 | Create | Spearman |
| 25:49 | Create | Spearman |
| 25:49 | Create | Spearman |
| 25:50 | Create | Spearman |
| 26:01 | Research | Elite Skirmisher (upgrade) |
| 26:29 | Create | Villager (Male) |
| 26:29 | Create | Villager (Male) |
| 26:30 | Create | Villager (Male) |
| 26:30 | Create | Villager (Male) |
| 26:30 | Create | Villager (Male) |
| 26:30 | Create | Villager (Male) |
| 26:31 | Create | Villager (Male) |
| 27:32 | Build | House |
| 27:37 | Build | House |
| 27:43 | Build | House |
| 28:53 | Build | Farm |
| 28:59 | Build | Farm |
| 29:06 | Build | Farm |
| 29:16 | Build | Farm |
| 29:19 | Build | Farm |
| 29:31 | Build | House |
| 29:55 | Build | House |
| 29:59 | Build | House |
| 30:07 | Build | Mining Camp |
| 30:20 | Research | Heavy Plow |
| 30:26 | Research | Bow Saw |
| 30:32 | Create | Villager (Male) |
| 30:33 | Create | Villager (Male) |
| 30:33 | Create | Villager (Male) |
| 30:33 | Create | Villager (Male) |
| 31:08 | Build | Farm |
| 31:27 | Create | Villager (Male) |
| 31:27 | Create | Villager (Male) |
| 31:27 | Create | Villager (Male) |
| 31:27 | Create | Villager (Male) |
| 31:28 | Create | Villager (Male) |
| 31:28 | Create | Villager (Male) |
| 31:28 | Create | Villager (Male) |
| 32:13 | Create | Villager (Male) |
| 32:13 | Create | Villager (Male) |
| 32:13 | Create | Villager (Male) |
| 32:14 | Create | Villager (Male) |
| 32:14 | Create | Villager (Male) |
| 32:14 | Create | Villager (Male) |
| 32:25 | Build | Farm |
| 32:33 | Build | Farm |
| 32:44 | Build | House |
| 32:48 | Build | House |
| 32:52 | Build | House |
| 33:03 | Build | University |
| 33:09 | Build | Farm |
| 33:14 | Build | Farm |
| 33:32 | Research | Stone Mining |
| 33:36 | Create | Villager (Male) |
| 33:37 | Create | Villager (Male) |
| 33:37 | Create | Villager (Male) |
Build order — ragarcia009
First 150 of 239 actions detected
| 0:04 | Build | House |
| 0:06 | Build | House |
| 0:08 | Create | Villager (Male) |
| 0:09 | Create | Villager (Male) |
| 0:09 | Create | Villager (Male) |
| 0:09 | Create | Villager (Male) |
| 0:09 | Create | Villager (Male) |
| 1:35 | Create | Villager (Male) |
| 2:08 | Create | Villager (Male) |
| 2:32 | Create | Villager (Male) |
| 2:45 | Build | House |
| 2:56 | Research | Loom |
| 3:15 | Create | Villager (Male) |
| 3:37 | Create | Villager (Male) |
| 4:05 | Build | Mill |
| 4:22 | Create | Villager (Male) |
| 5:04 | Create | Villager (Male) |
| 5:21 | Create | Villager (Male) |
| 5:34 | Create | Villager (Male) |
| 6:26 | Create | Villager (Male) |
| 6:50 | Build | House |
| 6:55 | Create | Villager (Male) |
| 7:37 | Create | Villager (Male) |
| 7:46 | Build | Lumber Camp |
| 8:06 | Create | Villager (Male) |
| 8:21 | Create | Villager (Male) |
| 8:43 | Build | Farm |
| 8:57 | Research | Feudal Age |
| 8:57 | Research | Feudal Age |
| 9:02 | Build | Farm |
| 9:06 | Build | Farm |
| 9:10 | Build | Farm |
| 9:19 | Build | Farm |
| 9:29 | Create | Villager (Male) |
| 9:58 | Build | Lumber Camp |
| 10:09 | Create | Villager (Male) |
| 10:16 | Build | House |
| 10:32 | Create | Villager (Male) |
| 11:07 | Age | Feudal Age |
| 11:18 | Build | Farm |
| 11:34 | Build | Farm |
| 11:58 | Build | Farm |
| 12:08 | Create | Villager (Male) |
| 13:33 | Build | Farm |
| 13:38 | Build | Farm |
| 13:42 | Create | Villager (Male) |
| 13:42 | Create | Villager (Male) |
| 14:17 | Create | Villager (Male) |
| 14:48 | Build | Barracks |
| 15:12 | Create | Villager (Male) |
| 15:12 | Create | Villager (Male) |
| 15:52 | Create | Villager (Male) |
| 16:03 | Build | Watch Tower |
| 16:10 | Create | Spearman |
| 16:11 | Create | Spearman |
| 16:39 | Create | Spearman |
| 16:45 | Create | Villager (Male) |
| 17:01 | Build | House |
| 17:13 | Create | Spearman |
| 17:36 | Create | Villager (Male) |
| 17:36 | Create | Villager (Male) |
| 17:55 | Create | Villager (Male) |
| 18:06 | Build | Farm |
| 18:13 | Build | House |
| 18:30 | Research | Arson |
| 18:35 | Build | House |
| 19:00 | Build | Farm |
| 19:02 | Create | Villager (Male) |
| 19:03 | Create | Villager (Male) |
| 19:03 | Create | Villager (Male) |
| 19:24 | Build | Blacksmith |
| 19:30 | Build | Archery Range |
| 19:35 | Build | Stable |
| 19:45 | Build | Mining Camp |
| 19:51 | Create | Villager (Male) |
| 20:09 | Create | Spearman |
| 20:41 | Create | Villager (Male) |
| 20:49 | Build | Farm |
| 20:54 | Create | Scout Cavalry |
| 20:54 | Create | Scout Cavalry |
| 20:55 | Create | Scout Cavalry |
| 21:25 | Create | Villager (Male) |
| 21:26 | Create | Villager (Male) |
| 21:29 | Research | Gold Mining |
| 21:33 | Research | Double-Bit Axe |
| 21:38 | Create | Scout Cavalry |
| 21:43 | Build | House |
| 21:45 | Build | House |
| 21:57 | Create | Scout Cavalry |
| 22:33 | Build | Market |
| 22:45 | Create | Spearman |
| 22:49 | Create | Scout Cavalry |
| 22:56 | Research | Scale Barding Armor |
| 22:57 | Research | Forging |
| 23:20 | Create | Villager (Male) |
| 23:21 | Create | Villager (Male) |
| 23:21 | Create | Villager (Male) |
| 23:58 | Build | Farm |
| 24:07 | Build | Farm |
| 24:23 | Build | House |
| 24:24 | Build | House |
| 24:30 | Create | Villager (Male) |
| 24:55 | Create | Villager (Male) |
| 25:07 | Build | Mining Camp |
| 25:13 | Create | Villager (Male) |
| 25:36 | Build | Farm |
| 25:55 | Research | Castle Age |
| 26:14 | Research | Stone Mining |
| 26:33 | Create | Villager (Male) |
| 26:34 | Create | Villager (Male) |
| 27:22 | Create | Skirmisher |
| 27:23 | Create | Skirmisher |
| 27:23 | Create | Skirmisher |
| 27:23 | Create | Skirmisher |
| 27:24 | Create | Skirmisher |
| 27:25 | Create | Skirmisher |
| 28:35 | Age | Castle Age |
| 28:46 | Research | Light Cavalry (upgrade) |
| 28:48 | Research | Husbandry |
| 29:04 | Research | Pikeman (upgrade) |
| 29:05 | Research | Squires |
| 29:11 | Research | Elite Skirmisher (upgrade) |
| 29:26 | Create | Villager (Male) |
| 29:36 | Create | Villager (Male) |
| 29:42 | Build | House |
| 29:43 | Build | House |
| 29:45 | Build | House |
| 29:47 | Build | House |
| 29:53 | Create | Villager (Male) |
| 30:21 | Research | Wheelbarrow |
| 30:50 | Build | Monastery |
| 30:56 | Build | University |
| 31:06 | Build | Siege Workshop |
| 31:16 | Research | Gold Shaft Mining |
| 31:27 | Research | Bow Saw |
| 31:35 | Create | Villager (Male) |
| 31:36 | Create | Villager (Male) |
| 31:40 | Create | Villager (Male) |
| 31:59 | Create | Villager (Male) |
| 32:11 | Build | Farm |
| 32:15 | Create | Knight |
| 32:17 | Create | Knight |
| 32:18 | Create | Knight |
| 32:18 | Create | Knight |
| 32:35 | Build | Farm |
| 32:44 | Create | Villager (Male) |
| 32:56 | Create | Villager (Male) |
| 33:04 | Create | Monk |
| 33:11 | Research | Ballistics |
| 33:16 | Build | Farm |
Match timeline
| 6:56 | Enrique III · first_building Barracks |
| 7:46 | Hibísco hidráulico automático · first_building Barracks |
| 9:29 | Hibísco hidráulico automático · age_up feudal |
| 9:43 | Enrique III · wall_segment Palisade Wall x4 |
| 9:49 | Hibísco hidráulico automático · first_building Stable |
| 9:52 | Enrique III · age_up feudal |
| 10:37 | Hetero Sapiens · first_building Barracks |
| 10:40 | Hibísco hidráulico automático · wall_segment Palisade Wall x6 |
| 10:45 | Hetero Sapiens · wall_segment Palisade Wall x4 |
| 10:51 | Enrique III · first_building Stable |
| 11:07 | ragarcia009 · age_up feudal |
| 11:19 | malakor. · age_up feudal |
| 11:20 | Hetero Sapiens · age_up feudal |
| 11:28 | Hetero Sapiens · first_building Archery Range |
| 11:31 | malakor. · first_building Barracks |
| 12:06 | Enrique III · wall_segment Palisade Wall x5 |
| 12:16 | Enrique III · wall_segment Palisade Wall x4 |
| 12:49 | malakor. · first_building Stable |
| 13:15 | Enrique III · wall_segment Palisade Wall x1 |
| 13:56 | Hetero Sapiens · wall_segment Palisade Wall x1 |
| 14:30 | Hibísco hidráulico automático · wall_segment Palisade Wall x15 |
| 14:48 | ragarcia009 · first_building Barracks |
| 15:06 | malakor. · wall_segment Palisade Wall x12 |
| 15:10 | Enrique III · first_building Archery Range |
| 15:15 | malakor. · wall_segment Palisade Wall x3 |
| 15:17 | malakor. · wall_segment Palisade Wall x27 |
| 17:06 | malakor. · first_market_buy 100 food |
| 17:44 | Hibísco hidráulico automático · wall_segment Palisade Wall x9 |
| 18:11 | Enrique III · wall_segment Palisade Wall x4 |
| 18:43 | Enrique III · age_up castle |
| 19:06 | Hibísco hidráulico automático · wall_segment Palisade Wall x6 |
| 19:30 | ragarcia009 · first_building Archery Range |
| 19:35 | ragarcia009 · first_building Stable |
| 19:57 | Hibísco hidráulico automático · wall_segment Palisade Wall x1 |
| 20:09 | Enrique III · wall_segment Palisade Wall x1 |
| 20:12 | Enrique III · wall_segment Palisade Wall x2 |
| 20:53 | Hibísco hidráulico automático · wall_segment Palisade Wall x1 |
| 21:05 | Hetero Sapiens · wall_segment Stone Wall x2 |
| 21:49 | Enrique III · first_building Castle |
| 22:33 | Enrique III · wall_segment Palisade Wall x5 |
| 23:01 | Hibísco hidráulico automático · first_market_sell 100 wood |
| 23:27 | Hibísco hidráulico automático · first_market_buy 100 stone |
| 23:49 | Busta8806 · first_building Barracks |
| 23:59 | Hibísco hidráulico automático · age_up castle |
| 24:26 | Busta8806 · first_building Archery Range |
| 24:28 | Enrique III · first_market_sell 500 wood |
| 24:46 | Hibísco hidráulico automático · first_building Castle |
| 24:54 | malakor. · wall_segment Stone Wall x1 |
| 24:57 | malakor. · wall_segment Stone Wall x8 |
| 25:04 | malakor. · wall_segment Stone Wall x15 |
| 25:10 | malakor. · wall_segment Stone Wall x9 |
| 25:55 | malakor. · first_building Archery Range |
| 25:57 | Hetero Sapiens · wall_segment Palisade Wall x1 |
| 26:41 | malakor. · wall_segment Stone Wall x9 |
| 26:52 | malakor. · age_up castle |
| 26:52 | Hibísco hidráulico automático · tribute_sent a jugador 2 |
| 26:52 | Hibísco hidráulico automático · tribute_sent a jugador 3 |
| 26:52 | Hibísco hidráulico automático · tribute_sent a jugador 4 |
| 26:52 | Hibísco hidráulico automático · tribute_sent a jugador 5 |
| 26:52 | Hibísco hidráulico automático · tribute_sent a jugador 6 |
| 27:58 | Enrique III · first_market_buy 100 stone |
| 28:27 | malakor. · wall_segment Stone Wall x8 |
| 28:34 | Hibísco hidráulico automático · wall_segment Stone Wall x17 |
| 28:35 | ragarcia009 · age_up castle |
| 28:41 | malakor. · wall_segment Stone Wall x7 |
| 28:47 | malakor. · wall_segment Stone Wall x8 |
| 28:50 | malakor. · wall_segment Stone Wall x13 |
| 29:04 | Hibísco hidráulico automático · wall_segment Stone Wall x7 |
| 29:05 | Hibísco hidráulico automático · wall_segment Stone Wall x5 |
| 29:07 | Hibísco hidráulico automático · wall_segment Stone Wall x9 |
| 29:12 | Hibísco hidráulico automático · wall_segment Stone Wall x7 |
| 29:14 | Hibísco hidráulico automático · wall_segment Stone Wall x7 |
| 29:24 | malakor. · wall_segment Stone Wall x6 |
| 29:26 | malakor. · wall_segment Stone Wall x7 |
| 30:04 | Hibísco hidráulico automático · wall_segment Stone Wall x8 |
| 30:09 | Hibísco hidráulico automático · wall_segment Stone Wall x8 |
| 30:11 | Hibísco hidráulico automático · wall_segment Stone Wall x9 |
| 30:24 | malakor. · first_building Monastery |
| 30:40 | malakor. · wall_segment Stone Wall x5 |
| 30:50 | ragarcia009 · first_building Monastery |
| 30:52 | Hibísco hidráulico automático · tribute_sent a jugador 2 |
| 30:52 | Hibísco hidráulico automático · tribute_sent a jugador 3 |
| 30:52 | Hibísco hidráulico automático · tribute_sent a jugador 4 |
| 30:52 | Hibísco hidráulico automático · tribute_sent a jugador 5 |
| 30:52 | Hibísco hidráulico automático · tribute_sent a jugador 6 |
| 31:06 | ragarcia009 · first_building Siege Workshop |
| 31:41 | malakor. · first_building Siege Workshop |
| 31:59 | Hetero Sapiens · first_market_buy 100 wood |
| 32:40 | Hibísco hidráulico automático · wall_segment Stone Wall x1 |
| 32:42 | Hibísco hidráulico automático · wall_segment Stone Wall x1 |
| 32:57 | malakor. · first_building Castle |
| 33:11 | malakor. · wall_segment Stone Wall x8 |
| 33:37 | Hibísco hidráulico automático · wall_segment Palisade Wall x4 |
| 34:06 | Hibísco hidráulico automático · age_up imperial |
| 35:31 | Hibísco hidráulico automático · wall_segment Stone Wall x1 |
| 35:37 | ragarcia009 · first_building Castle |
| 36:03 | Hetero Sapiens · age_up castle |
| 37:08 | Busta8806 · first_market_buy 100 stone |
| 37:27 | Busta8806 · first_building Castle |
| 38:48 | Busta8806 · first_building Monastery |
| 40:47 | malakor. · wall_segment Stone Wall x5 |
| 40:49 | malakor. · wall_segment Stone Wall x1 |
| 40:51 | malakor. · wall_segment Stone Wall x3 |
| 43:21 | malakor. · age_up imperial |
| 43:51 | Hetero Sapiens · first_building Castle |
| 44:08 | Hibísco hidráulico automático · first_building Monastery |
| 44:51 | ragarcia009 · age_up imperial |
| 45:07 | malakor. · wall_segment Stone Wall x1 |
| 47:46 | Busta8806 · first_building Stable |
| 49:52 | malakor. · wall_segment Stone Wall x7 |
| 51:17 | malakor. · wall_segment Stone Wall x10 |
| 51:20 | malakor. · wall_segment Stone Wall x9 |
| 52:13 | malakor. · wall_segment Stone Wall x4 |
| 52:22 | Hetero Sapiens · age_up imperial |
| 53:05 | ragarcia009 · tribute_sent a jugador 1 |
| 53:05 | ragarcia009 · tribute_sent a jugador 2 |
| 53:05 | ragarcia009 · tribute_sent a jugador 3 |
| 53:05 | ragarcia009 · tribute_sent a jugador 4 |
| 53:05 | ragarcia009 · tribute_sent a jugador 5 |
| 54:26 | Enrique III · resign |
[ AI ANALYSIS · 1 CREDIT ]
What really happened in this match?
Wolo.gg analyzes every decision: build order, eco, micro, common mistakes by bracket. Personalized analysis on WhatsApp or Discord in 30 seconds.
Civ guide
Jurchens
Map guide
Arabia
Perfil
Jugador #11921821